 Dungeon Crawl Stone Soup version 0.21-a0-421-gfc1ce30 (webtiles) character file.

720 varam the Gusty (level 7, -6/52 HPs)
             Began as a Black Draconian Air Elementalist on Nov 4, 2017.
             Was a Follower of Vehumet.
             Killed by divine providence
             ... invoked by an orc priest
              (16 damage)
             ... on level 6 of the Dungeon.
             The game lasted 00:30:02 (5117 turns).

varam the Gusty (Black Draconian Air Elementalist)  Turns: 5117, Time: 00:30:02

Health: -6/52      AC:  6    Str: 11    XL:     7   Next: 42%
Magic:  4/11       EV: 12    Int: 17    God:    Vehumet [*.....]
Gold:   254        SH:  0    Dex: 11    Spells: 0/11 levels left

rFire    . . .     SeeInvis +   (no weapon)
rCold    . . .     Gourm    .   (no shield)
rNeg     . . .     Faith    .   (armour unavailable)
rPois    .         Spirit   .   (helmet restricted)
rElec    +         Reflect  .   (no cloak)
rCorr    .         Harm     .   (no gloves)
MR       .....                  (no boots)
Stlth    ++........             (no amulet)
HPRegen  0.17/turn              r - ring of see invisible
MPRegen  0.12/turn              (no ring)

@: very slightly contaminated
A: breathe lightning, unfitting armour, electricity resistance, cold-blooded, AC
+6
a: Breathe Lightning, Renounce Religion


You were on level 6 of the Dungeon.
You worshipped Vehumet.
Vehumet was aware of your devotion.
You were not hungry.

You visited 1 branch of the dungeon, and saw 6 of its levels.

You collected 254 gold pieces.

Inventory:

Armour
 d - a +0 pair of gloves
 h - a +0 buckler
Jewellery
 r - a ring of see invisible (left hand)
Scrolls
 c - 3 scrolls of teleportation {unknown}
 f - a scroll of recharging {unknown}
 i - a scroll of noise {unknown}
 j - 6 scrolls of identify {unknown}
 m - a scroll of blinking {unknown}
 o - a scroll of fog {unknown}
 p - a scroll of amnesia {unknown}
 q - 2 scrolls of magic mapping {unknown}
 t - a scroll of fear {unknown}
 v - 3 scrolls of remove curse {unknown}
 z - 2 scrolls of immolation {unknown}
Potions
 e - 3 potions of curing
 g - a potion of brilliance {unknown}
 k - a potion of berserk rage {unknown}
 s - a potion of haste {unknown}
 u - 2 potions of agility {unknown}
 w - 2 potions of resistance {unknown}
 x - a potion of lignification {unknown}
 A - a potion of magic {unknown}
 D - a potion of degeneration {unknown}
Books
 a - a book of Air

   Spells                             Type                      Level
   a - Shock                          Conjuration/Air              1
   b - Swiftness                      Charms/Air                   2
   c - Static Discharge               Conjuration/Air              3
   d - Airstrike                      Air                          4
   e - Lightning Bolt                 Conjuration/Air              5
 y - a book of Changes

   Spells                             Type                      Level
   a - Beastly Appendage              Transmutation                1
   b - Sticks to Snakes               Transmutation                2
   c - Spider Form                    Transmutation/Poison         3
   d - Ice Form                       Ice/Transmutation            4
   e - Blade Hands                    Transmutation                5
Comestibles
 b - 3 bread rations
 l - 3 chunks of flesh
 n - a royal jelly
 C - 3 meat rations


   Skills:
 - Level 1.5 Fighting
 - Level 2.3 Dodging
 - Level 1.7 Stealth
 - Level 2.8 Spellcasting
 * Level 6.0 Conjurations
 + Level 6.4 Air Magic


You couldn't memorise any spells.
You knew the following spells:

 Your Spells              Type           Power        Failure   Level  Hunger
a - Shock                 Conj/Air       ###.         1%          1    #......
b - Static Discharge      Conj/Air       ###.....     4%          3    ###....
c - Swiftness             Chrm/Air       ##......     7%          2    ##.....
d - Lightning Bolt        Conj/Air       ###.......   36%         5    ######.


Dungeon Overview and Level Annotations

Branches:
Dungeon (6/15)             Temple (0/1) D:5

Altars:
Cheibriados
Dithmenos
Fedhas
Kikubaaqudgha
Vehumet
Yredelemnul

Annotations:
D:5 1 exclusion, Menkaure


Innate Abilities, Weirdness & Mutations

You can breathe wild blasts of lightning.
Your glossy black scales are hard. (AC +6)
You cannot fit into any form of body armour.
You are resistant to electric shocks. (rElec)
You are cold-blooded and may be slowed by cold attacks.


Message History

Casting: Static Discharge
Confirm with . or Enter, or press ? or * to list all spells.
You miscast Static Discharge.
You are very lightly contaminated with residual magic.
You smell something strange.
The orc barely misses you. The ogre hits you but does no damage.
Casting: Static Discharge
Confirm with . or Enter, or press ? or * to list all spells.
Aiming: Shock
Press: ? - help, Shift-Dir - straight line The zap hits the orc.
You kill the orc!
Vehumet accepts your kill.
The zap misses the orc priest.
The zap hits the ogre.
The ogre is moderately wounded.
The zap hits the ogre.
The ogre is heavily wounded.
The orc priest invokes the aid of Beogh against you.
Beogh smites you!
You die...

### ##########'## #.#.........#
##########.#.........#####
.#####........#.'.............#
..............#@#.........###.#
..............#)#.........# #.##
..............#o#.........# #...
.........<.....O#.........# #...
...........................###...
...............#######.##........
...............# #.##.#......
...............#######......#.#..
.........###.........#...........


You could see an ogre and an orc priest.

Vanquished Creatures
  2 ogres
  2 bullfrogs (D:6)
  A scorpion (D:4)
  A howler monkey (D:6)
  A quasit (D:6)
  An iguana (D:6)
  4 worker ants
  A hound zombie (D:6)
  6 gnolls
  4 adders
  2 oozes
  An adder skeleton (D:6)
  A worm (D:1)
  A dart slug (D:1)
  3 leopard geckos
  2 orcs
  7 giant cockroaches
  3 goblins
  2 hobgoblins
  8 jackals
  4 kobolds
  4 quokkas
  2 ball pythons (D:2)
  6 bats
  5 frilled lizards
  A jackal skeleton (D:4)
  5 rats
80 creatures vanquished.

Notes
Turn   | Place    | Note
-------+----------+-------------------------------------------
     0 | D:1      | varam the Draconian Air Elementalist began the quest for the Orb.
     0 | D:1      | Reached XP level 1. HP: 14/14 MP: 3/3
   405 | D:1      | Reached XP level 2. HP: 20/20 MP: 1/5
   938 | D:2      | Reached XP level 3. HP: 26/26 MP: 1/6
   988 | D:2      | Reached skill level 2 in Conjurations
  1528 | D:2      | Found a radiant altar of Vehumet.
  1532 | D:2      | Became a worshipper of Vehumet
  1632 | D:2      | Found a faded altar of an unknown god.
  1752 | D:3      | Learned a level 3 spell: Static Discharge
  1780 | D:3      | Learned a level 2 spell: Swiftness
  1871 | D:3      | Reached XP level 4. HP: 33/33 MP: 5/7
  1896 | D:3      | Reached skill level 4 in Air Magic
  2029 | D:3      | Reached skill level 3 in Conjurations
  2490 | D:3      | Reached XP level 5. HP: 38/38 MP: 4/8
  2995 | D:4      | Reached skill level 4 in Conjurations
  3259 | D:4      | Noticed an ogre
  3300 | D:4      | Reached XP level 6. HP: 43/45 MP: 0/9
  3550 | D:4      | Found a snail-covered altar of Cheibriados.
  3550 | D:4      | Found a shadowy altar of Dithmenos.
  3643 | D:5      | Entered Level 5 of the Dungeon
  3656 | D:5      | Found a staircase to the Ecumenical Temple.
  3707 | D:5      | Noticed Menkaure
  3830 | D:4      | Found an ancient bone altar of Kikubaaqudgha.
  3841 | D:4      | Reached skill level 2 in Dodging
  3853 | D:4      | Found a blossoming altar of Fedhas.
  4091 | D:5      | Reached skill level 1 in Fighting
  4091 | D:5      | Reached skill level 5 in Conjurations
  4368 | D:6      | HP: 1/47 [bullfrog (9)]
  4652 | D:6      | Your scales start taking on a glossy black colour.
  4652 | D:6      | Reached skill level 5 in Air Magic
  4652 | D:6      | Reached XP level 7. HP: 38/52 MP: 6/11
  4652 | D:6      | Gained mutation: You are resistant to electric shocks. (rElec) [Black Draconian growth]
  4660 | D:6      | Learned a level 5 spell: Lightning Bolt
  4696 | D:6      | Reached * piety under Vehumet
  4696 | D:6      | Offered knowledge of Sting by Vehumet.
  4728 | D:6      | Reached skill level 6 in Air Magic
  4906 | D:6      | Reached skill level 6 in Conjurations
  4937 | D:5      | Found a basalt altar of Yredelemnul.
  5117 | D:6      | Killed from afar by an orc priest

Vault maps used:
D:1:      grunt_arrival_lava_bath
D:2:      vehumet_crystals, chequers_ecumenical_altar_lobes
D:3:      solitary_fountain
D:4:      grunt_temple_overflow_growth_and_decay,
          gammafunk_temple_overflow_elements, first_bread
D:5:      nicolae_overflow_hidden_temple, temple_doors_cd, uniq_menkaure
D:6:      overflow_temple_1_default, grunt_ministairs_13, minivault_11

Skill      XL: |  1  2  3  4  5  6  7 |
---------------+----------------------+-----
Conjurations   | 2 3 4 5 6 |  6.0
Air Magic      | 4 5 6 |  6.4
Dodging        | 2 |  2.3
Fighting       | 1 |  1.5
Stealth        | |  1.7
Spellcasting   | |  2.8

Action                   |  1- 3 |  4- 6 |  7- 9 || total
-------------------------+-------+-------+-------++-------
Melee: Unarmed           |    28 |    30 |       ||    58
       Tailslap          |     2 |     1 |       ||     3
 Cast: Shock             |    90 |   113 |    26 ||   229
       Swiftness         |       |     1 |       ||     1
       Static Discharge  |       |     5 |     2 ||     7
 Abil: Breathe Lightning |       |       |     1 ||     1
  Use: Potion            |       |     3 |       ||     3
 Stab: Sleeping          |       |     1 |       ||     1
  Eat: Chunk             |     4 |     9 |     1 ||    14
       Fruit             |       |     1 |       ||     1
       Royal jelly       |       |       |     1 ||     1
Armor: Skin              |    21 |    27 |     3 ||    51
Dodge: Dodged            |    55 |    58 |    15 ||   128

Table legend:
 A = Spawn XP
 B = Non-spawn XP
 C = Spawn XP percentage of total XP
 D = Spawn monster count
 E = Non-spawn monster count
 F = Spawn count percentage of total count
 G = Total turns spent on level
                    A         B        C        D         E        F      G
               +---------+---------+-------+---------+---------+-------+---------
         Total |       0 |    1029 |   0.0 |       0 |      80 |   0.0 |  5117
               +---------+---------+-------+---------+---------+-------+---------
           D:1 |       0 |      40 |   0.0 |       0 |      19 |   0.0 |  1025
           D:2 |       0 |      51 |   0.0 |       0 |      16 |   0.0 |   814
           D:3 |       0 |     105 |   0.0 |       0 |      18 |   0.0 |   845
           D:4 |       0 |     323 |   0.0 |       0 |      12 |   0.0 |  1155
           D:5 |       0 |      49 |   0.0 |       0 |       4 |   0.0 |   632
           D:6 |       0 |     461 |   0.0 |       0 |      11 |   0.0 |   646
               +---------+---------+-------+---------+---------+-------+---------
